 Dungeon Crawl Stone Soup version 5.6-27-g44b401c (webtiles) character file.

15182 Lanacter the Nimble (level 14, -17/92 HPs)
             Began as a Tengu Monk on July 20, 2018.
             Was the Champion of Dithmenos.
             Demolished by a fire giant
             ... wielding a +0 great mace of flaming
              (49 damage)
             ... on level 15 of the Dungeon.
             The game lasted 00:39:19 (18525 turns).

Lanacter the Nimble (Tengu Monk)                   Turns: 18525, Time: 00:39:19

Health: -17/92     AC:  5 (19%)Str: 13  XL:     14   Next: 20%
Magic:  14/14      EV: 29    Int: 10    God:    Dithmenos [6*[179]]
Gold:   204        SH:  0    Dex: 21    Spells: 17/21 levels left

rFire    + . .     SeeInvis +   b - +4 quarterstaff (chaos)
rCold    . . .     Faith    .   (shield currently unavailable)
rNeg     . . .     Spirit   .   S - +0 troll leather armour
rPois    .         Reflect  .   (helmet restricted)
rElec    .                      B - +0 cloak
rCorr    +                      (no gloves)
MR       +....                  (boots unavailable)
Stlth    ++++++++++             (no amulet)
Regen    0.7/turn               g - ring of resist corrosion
MPRegen  0.3/turn               E - ring of fire

@: flying evasively, wreathed by umbra
A: beak, claws 1, horns 1, talons 3, able to fly
a: Stop Flying, End Animate Dead, Shadow Step, Shadow Form, Renounce Religion


You were on level 15 of the Dungeon.
You worshipped Dithmenos.
Dithmenos was exalted by your worship.
You were not hungry.

You visited 2 branches of the dungeon, and saw 16 of its levels.
You visited the bazaar 2 times.
You also visited: Sewer.

You collected 1088 gold pieces.
You spent 884 gold pieces at shops.

Inventory:

Hand Weapons
 a - a +4 arbalest of freezing
 b - a +4 quarterstaff of chaos (weapon)
 d - a +4 great mace
 N - a +3 morningstar of freezing
 O - a +1 morningstar of pain
 R - a +0 shortbow
Missiles
 n - 83 tomahawks (quivered)
 F - 162 javelins
 M - 128 poisoned darts
Armour
 s - a +2 chain mail of cold resistance
 B - a +0 cloak (worn)
 P - +0 steam dragon scales
 S - a +0 troll leather armour (worn)
Magical Staves
 i - an uncursed staff of fire
 C - an uncursed staff of death
Jewellery
 g - a ring of resist corrosion (left claw)
 E - a ring of fire (right claw)
 J - an uncursed ring of fire
 Q - a +3 ring of evasion
Wands
 r - a wand of flame (13)
 w - a wand of lightning (17)
 x - a wand of slimification (10)
 y - a wand of enslavement (5)
 D - a wand of iceblast (7)
 I - a wand of acid (7)
 L - a wand of digging (7)
Scrolls
 e - 2 scrolls of amnesia
 h - 3 scrolls of immolation
 j - 2 scrolls of blinking
 l - a scroll of teleportation
 m - 3 scrolls of enchant armour
 o - 2 scrolls of torment
 p - 4 scrolls of magic mapping
 q - 2 scrolls of fog
 t - 2 scrolls of enchant weapon
 u - a scroll of summoning
 G - a scroll of holy word
 T - a scroll of fear
Potions
 c - 4 potions of heal wounds
 f - 2 potions of resistance
 k - a potion of lignification
 v - 4 potions of ambrosia
 z - a potion of invisibility
 A - a potion of mutation {!q}
 H - a potion of augmentation
 K - a potion of magic
Miscellaneous
 U - a phial of floods


   Skills:
 + Level 12.2 Fighting
 - Level 11.0 Maces & Staves
 * Level 10.7 Bows & Xbows
 + Level 13.1 Dodging
 + Level 11.8 Stealth
 + Level 6.8 Necromancy
 - Level 2.4 Invocations


You had 17 spell levels left.
You knew the following spells:

 Your Spells              Type           Power        Failure   Level  Hunger
a - Animate Dead          Necr           13 (200)     28%         4    N/A

Your spell library contained the following spells:

 Spells                   Type           Power        Failure   Level  Hunger
 Fire Storm               Fire           0 (200)      100%        9    N/A
 Control Undead           Necr           13 (200)     28%         4    N/A
 Ozocubu's Refrigeration  Ice            0 (200)      100%        7    N/A
 Sublimation of Blood     Necr           13 (200)     4%          2    N/A
 Recall                   Summ/Tloc      N/A          82%         3    N/A
 Death Channel            Necr           13 (200)     99%         6    N/A
 Ignite Poison            Fire/Tmut      0 (100)      82%         3    N/A
 Shatter                  Erth           0 (200)      100%        9    N/A
 Static Discharge         Air            0 (100)      82%         3    N/A
 Alistair's Intoxication  Tmut           0 (100)      100%        5    N/A
 Chain Lightning          Air            0 (200)      100%        8    N/A
 Petrify                  Tmut/Erth      0 (100)      99%         4    N/A
 Orb of Destruction       Erth           0 (200)      100%        7    N/A
 Tornado                  Air            0 (200)      100%        9    N/A
 Fulminant Prism          Air            0 (200)      100%        5    N/A
 Irradiate                Tmut           0 (200)      100%        5    N/A
 Cigotuvi's Embrace       Necr           13 (200)     99%         6    N/A
 Ignition                 Fire           0 (200)      100%        8    N/A

Dungeon Overview and Level Annotations

Branches:
Dungeon (15/15)
    Orc: D:15        Vaults: D:15

Altars:
Cheibriados
Dithmenos
Elyvilon
Gozag
Jiyva
Kikubaaqudgha
Lugonu
Makhleb
Nemelex Xobeh
Okawaru
Qazlal
Ru
Sif Muna
Trog
Uskayaw
Vehumet
Wu Jian
Xom
Yredelemnul
Zin
The Shining One

Shops:
Bazaar !??(

Annotations:
Abyss:1 Kirke


Innate Abilities, Weirdness & Mutations

You have a beak for a mouth.
You have sharp fingernails.
You have a pair of small horns on your head.
You have claws for feet.
You can fly continuously.


Message History

The fire giant is heavily wounded.
You bludgeon the fire giant (19)!!
There is a fiery explosion!
The fire giant is burned (1)!
You claw the fire giant, but do no damage.
The fire giant is severely wounded.
Your shadow hits the fire giant but does no damage.
The fire giant hits you with a +0 great mace of flaming (29)!!
There is a fiery explosion!
You are burned (7)!
Unknown command.
Unknown command.
You sock the fire giant (16)!
The fire giant goes berserk!
You claw the fire giant, but do no damage.
The fire giant is almost dead.
Your shadow hits the fire giant with a +0 quarterstaff of chaos (3).
The fire giant misses you.
You thump the fire giant (9)! You headbutt the fire giant (1).
The fire giant is almost dead.
The fire giant hits you with a +0 great mace of flaming (49)!!!
Ouch! That really hurt!
You die...

#...........≈≈
#........#.≈§#
#..........§§≈
#.........§§§≈
#.........§§#§
#........§§≈≈≈
#.....$.....≈≈ #.C#
.≈≈# ##@.###..≈≈
##.......§§§ ..
#........§... ...
#........§..#
....##............
..[.............###
######............
#..........##
#...........##..


You could see a fire giant (berserk).

Vanquished Creatures
  Rupert (D:15)
  4 hydras
  4 centaur warriors
  A tengu warrior (D:13)
  8 two-headed ogres
  Urug (D:13)
  An orc high priest (D:10)
  2 unseen horrors
  An orc sorcerer (D:11)
  A cyclops (D:12)
  5 ugly things
  A deep elf mage (D:12)
  A manticore (D:11)
  2 black mambas
  2 centaur zombies (D:10)
  A gargoyle (D:12)
  3 torpor snails
  3 spiny frogs
  A freezing wraith (D:14)
  2 rime drakes
  3 meliai (D:14)
  Prince Ribbit (D:6)
  4 trolls
  17 slime creatures
  10 blink frogs
  A meliai zombie (D:14)
  A shadow (D:10)
  2 wraiths
  13 yaks
  A vampire (D:9)
  A wyvern (D:15)
  2 fire elementals (D:13)
  2 steam dragons (D:13)
  4 hogs (D:13)
  An angry ghost (D:7)
  Menkaure (D:6)
  3 acid dragons
  A warg (D:10)
  Edmund (D:5)
  A water moccasin (D:8)
  3 black bears
  6 orc warriors
  A spiny frog skeleton (D:9)
  6 ogres
  5 ice beasts
  6 centaurs
  5 big kobolds (Sewer)
  A bullfrog (D:9)
  A wyvern zombie (D:13)
  A wyvern skeleton (D:11)
  2 scorpions
  5 crimson imps
  15 wights
  3 howler monkeys
  An electric eel (D:11)
  Crazy Yiuf (D:6)
  A bullfrog skeleton (D:7)
  6 orc priests
  5 centaur skeletons
  4 hounds
  6 jellies
  3 orc wizards
  Natasha (thrice) (D:4)
  4 worker ants
  9 iguanas
  2 killer bee zombies (D:8)
  2 hound skeletons
  14 adders
  13 gnolls
  2 shadow imps
  3 oozes
  2 dart slugs
  41 orcs
  5 quokkas
  9 bats
  5 giant cockroaches
  13 goblins
  5 hobgoblins
  16 kobolds
  9 ball pythons
  4 frilled lizards
  A jackal skeleton (D:3)
  10 rats
  A spectral orc (D:4)
375 creatures vanquished.

Vanquished Creatures (collateral kills)
  A blink frog (D:13)
1 creature vanquished.

Vanquished Creatures (others)
  A blink frog (D:13)
  A troll (D:14)
  4 fungi (D:12)
6 creatures vanquished.

Grand Total: 382 creatures vanquished

Notes
Turn   | Place    | Note
-------+----------+-------------------------------------------
     0 | D:1      | Lanacter the Tengu Monk began the quest for the Orb.
     0 | D:1      | Reached XP level 1. HP: 14/14 MP: 3/3
   331 | D:1      | Reached XP level 2. HP: 19/19 MP: 4/4
   791 | D:1      | Reached skill level 5 in Maces & Staves
   791 | D:1      | Reached XP level 3. HP: 23/23 MP: 6/6
  1708 | D:2      | Reached XP level 4. HP: 24/28 MP: 7/7
  1810 | D:2      | Found a bloodstained altar of Trog.
  1810 | D:2      | Found a radiant altar of Vehumet.
  2242 | D:2      | Found a sparkling altar of Nemelex Xobeh.
  2242 | D:2      | Found a viscous altar of Jiyva.
  2242 | D:2      | Found a glowing silver altar of Zin.
  2242 | D:2      | Found a shadowy altar of Dithmenos.
  2491 | D:2      | Became a worshipper of Dithmenos the Shadowed
  2491 | D:2      | Reached * piety under Dithmenos
  2491 | D:2      | Reached ** piety under Dithmenos
  2617 | D:3      | Gained mutation: You can fly continuously. [Tengu growth]
  2617 | D:3      | Reached XP level 5. HP: 11/32 MP: 8/8
  3148 | D:3      | Found a corrupted altar of Lugonu.
  3207 | D:3      | Reached skill level 4 in Dodging
  3207 | D:3      | Reached XP level 6. HP: 36/37 MP: 10/10
  3473 | D:4      | Found a glowing drain.
  3492 | D:4      | Found a glowing golden altar of the Shining One.
  3496 | Sewer    | Entered a sewer
  3547 | Sewer    | Reached *** piety under Dithmenos
  3653 | Sewer    | Reached XP level 7. HP: 37/42 MP: 11/11
  4110 | Sewer    | Reached skill level 5 in Dodging
  4613 | D:4      | Reached XP level 8. HP: 39/48 MP: 12/12
  4734 | D:4      | Found a basalt altar of Yredelemnul.
  4814 | D:4      | Reached **** piety under Dithmenos
  5163 | D:4      | Noticed Natasha
  5223 | D:4      | Killed Natasha
  5288 | D:4      | Noticed Natasha
  5295 | D:4      | Killed Natasha
  5295 | D:4      | Reached skill level 5 in Fighting
  5316 | D:4      | Noticed Natasha
  5320 | D:4      | Killed Natasha
  5544 | D:5      | Entered Level 5 of the Dungeon
  5672 | D:5      | Found an opulent altar of Gozag.
  5677 | D:5      | Found a shadowy altar of Dithmenos.
  5714 | D:5      | Reached skill level 10 in Maces & Staves
  6068 | D:5      | Noticed Edmund
  6079 | D:5      | Killed Edmund
  6079 | D:5      | Reached skill level 6 in Dodging
  6229 | D:6      | Noticed Menkaure
  6241 | D:6      | Killed Menkaure
  6441 | D:6      | Reached XP level 9. HP: 41/55 MP: 14/14
  6654 | D:6      | Reached ***** piety under Dithmenos
  7193 | D:6      | Noticed Prince Ribbit
  7209 | D:6      | Killed Prince Ribbit
  7209 | D:6      | Reached skill level 7 in Dodging
  7388 | D:6      | Found a runed door.
  7392 | D:6      | Noticed Crazy Yiuf
  7399 | D:6      | Killed Crazy Yiuf
  7813 | D:6      | Found an ancient bone altar of Kikubaaqudgha.
  8030 | D:7      | Found a sacrificial altar of Ru.
  8042 | D:7      | Found a hide-covered altar of Uskayaw.
  8119 | D:7      | Found a white marble altar of Elyvilon.
  8120 | D:7      | Found a stormy altar of Qazlal.
  8120 | D:7      | Found a deep blue altar of Sif Muna.
  8120 | D:7      | Found a snail-covered altar of Cheibriados.
  8167 | D:7      | Found an iron altar of Okawaru.
  8297 | D:7      | Found an ornate altar of the Wu Jian Council.
  8297 | D:7      | Found a shimmering altar of Xom.
  8591 | D:7      | Found a burning altar of Makhleb.
  8595 | D:7      | Reached skill level 8 in Dodging
  8891 | D:8      | Reached skill level 5 in Stealth
  8891 | D:8      | Reached XP level 10. HP: 63/63 MP: 15/15
  9553 | D:9      | Noticed a two-headed ogre
  9671 | D:9      | Reached skill level 9 in Dodging
  9798 | D:9      | Killed a two-headed ogre
 10202 | D:9      | Reached skill level 10 in Dodging
 10202 | D:9      | Reached XP level 11. HP: 71/71 MP: 17/17
 10607 | D:10     | Entered Level 10 of the Dungeon
 10628 | D:10     | Noticed an unseen horror
 10629 | D:10     | Noticed a two-headed ogre
 10639 | D:10     | Killed an unseen horror
 10657 | D:10     | Killed a two-headed ogre
 10761 | D:10     | Noticed a two-headed ogre
 10770 | D:10     | Killed a two-headed ogre
 11021 | D:10     | Reached skill level 10 in Fighting
 11021 | D:10     | Reached skill level 11 in Dodging
 11148 | D:10     | Noticed an orc high priest
 11156 | D:10     | Noticed a sun demon
 11184 | D:10     | Noticed a sun demon
 11191 | D:10     | Killed an orc high priest
 11583 | D:11     | Noticed an orc sorcerer
 11583 | D:11     | Noticed a centaur warrior
 11587 | D:11     | Killed an orc sorcerer
 11591 | D:11     | Killed a centaur warrior
 11635 | D:11     | Reached XP level 12. HP: 73/78 MP: 18/18
 11720 | D:11     | Reached skill level 1 in Necromancy
 11764 | D:11     | Reached skill level 1 in Bows & Xbows
 11988 | D:11     | Noticed a two-headed ogre
 11995 | D:11     | Killed a two-headed ogre
 11995 | D:11     | Reached skill level 10 in Stealth
 12047 | D:11     | Found a gateway to a bazaar.
 12590 | D:11     | Noticed a two-headed ogre
 12600 | D:11     | Killed a two-headed ogre
 13076 | Bazaar   | Entered a bazaar
 13076 | Bazaar   | Found Jeurchak's Magic Scroll Boutique.
 13076 | Bazaar   | Found Roatt's Distillery.
 13076 | Bazaar   | Found Syrchodwe's Antique Weapon Boutique.
 13076 | Bazaar   | Found Vesuywk's Magic Scroll Boutique.
 13140 | D:12     | Noticed a six-headed hydra
 13150 | D:12     | Killed a six-headed hydra
 13312 | D:12     | Noticed a six-headed hydra
 13323 | D:12     | Reached skill level 5 in Bows & Xbows
 13327 | D:12     | Killed a six-headed hydra
 13327 | D:12     | Reached skill level 12 in Dodging
 13812 | D:12     | Reached ****** piety under Dithmenos
 14375 | D:12     | Noticed a two-headed ogre
 14707 | D:12     | Noticed a two-headed ogre
 14717 | D:12     | Killed a two-headed ogre
 15106 | D:13     | Reached XP level 13. HP: 84/84 MP: 19/19
 15802 | D:13     | Noticed Urug
 15822 | D:13     | Killed Urug
 15822 | D:13     | Reached skill level 5 in Necromancy
 16117 | D:13     | Learned a level 4 spell: Animate Dead
 16288 | D:13     | Noticed Kirke
 16440 | D:13     | Banished Kirke
 17012 | D:13     | Found a gateway to a bazaar.
 17347 | Bazaar   | Bought a scroll of acquirement for 884 gold pieces
 17800 | D:14     | Reached skill level 10 in Bows & Xbows
 17883 | D:14     | Reached XP level 14. HP: 45/92 MP: 12/12
 18013 | D:14     | Found a sacrificial altar of Ru.
 18151 | D:14     | Reached skill level 13 in Dodging
 18420 | D:15     | Entered Level 15 of the Dungeon
 18426 | D:15     | Noticed Rupert
 18439 | D:15     | Killed Rupert
 18515 | D:15     | Noticed a fire giant
 18525 | D:15     | Demolished by a fire giant

Skill      XL: |  1  2  3  4  5  6  7  8  9 10 11 12 13 14 |
---------------+-------------------------------------------+-----
Maces & Staves | 4 5 6 7 8 9 10 11 | 11.0
Dodging        | 4 5 6 8 10 11 12 13 | 13.1
Fighting       | 4 5 7 9 10 11 12 | 12.2
Stealth        | 5 7 9 10 11 | 11.8
Necromancy     | 4 6 |  6.8
Bows & Xbows   | 6 10 | 10.7
Invocations    | |  2.4

Action                   |  1- 3 |  4- 6 |  7- 9 | 10-12 | 13-15 || total
-------------------------+-------+-------+-------+-------+-------++-------
Melee: Mace              |    74 |    47 |       |       |       ||   121
       Headbutt          |     8 |    26 |    74 |    82 |    42 ||   232
       Peck              |     9 |    19 |    79 |    80 |    45 ||   232
       Kick              |     7 |    38 |   117 |   131 |    78 ||   371
       Flail             |       |    90 |   232 |       |       ||   322
       Quarterstaff      |       |       |    56 |   346 |   184 ||   586
       Great mace        |       |       |    35 |       |       ||    35
 Fire: Shortbow          |       |       |       |   151 |    72 ||   223
       Arbalest          |       |       |       |       |    91 ||    91
Throw: Tomahawk          |       |       |       |    16 |     6 ||    22
 Cast: Animate Dead      |       |       |       |       |     2 ||     2
Invok: Shadow Step       |       |       |       |     1 |       ||     1
 Abil: Fly               |       |     1 |       |       |       ||     1
Evoke: Wand              |       |       |       |     2 |     6 ||     8
  Use: Potion            |       |       |       |     2 |     1 ||     3
       Scroll            |       |       |       |     2 |     2 ||     4
 Stab: Sleeping          |     8 |     4 |     7 |     7 |     2 ||    28
       Distracted        |       |       |     1 |     1 |       ||     2
       Paralysed         |       |       |       |    11 |    11 ||    22
       Confused          |       |       |       |     2 |       ||     2
       Petrified         |       |       |       |     1 |       ||     1
Armor: Robe              |     5 |       |       |     1 |     4 ||    10
       Ring mail         |    21 |    18 |     8 |    17 |       ||    64
       Chain mail        |       |       |    45 |       |       ||    45
       Skin              |       |       |       |     7 |       ||     7
       Steam dragon scal |       |       |       |       |     4 ||     4
       Troll leather arm |       |       |       |       |     5 ||     5
Dodge: Dodged            |    50 |   100 |   188 |   257 |   277 ||   872
